 Dungeon Crawl Stone Soup version 0.27.1 (webtiles) character file.

Game seed: 14444322328691414185

966 ABBCCCDDDD the Insei (level 8, -1/55 HPs)
             Began as an Octopode Abyssal Knight on Sept 2, 2021.
             Was a Believer of Lugonu.
             Slain by an unseen horror (11 damage)
             ... on level 6 of the Dungeon.
             The game lasted 00:14:49 (6828 turns).

ABBCCCDDDD the Insei (Octopode Abyssal Knight)      Turns: 6828, Time: 00:14:49

Health: -1/55      AC:  1    Str: 17    XL:     8   Next: 15%
Magic:  11/11      EV: 13    Int: 16    God:    Lugonu [**....]
Gold:   213        SH:  0    Dex: 12    Spells: 11/11 levels left

rFire    . . .     SeeInvis .     - Unarmed
rCold    . . .     Faith    .   (no shield)
rNeg     . . .     Spirit   .   (helmet restricted)
rPois    .         Reflect  .   (no amulet)
rElec    .         Harm     .   m - +6 ring of strength
rCorr    .         Rampage  .   (no ring)
Will     .....                  (no ring)
Stlth    ++........             (no ring)
HPRegen  0.18/turn              (no ring)
MPRegen  0.12/turn              (no ring)
                                (no ring)
                                (no ring)

@: marked
A: almost no armour, amphibious, 8 rings, camouflage 1, gelatinous body 1,
(nimble swimmer 1), tentacles
a: Renounce Religion, Depart the Abyss, Bend Space


You were on level 6 of the Dungeon.
You worshipped Lugonu.
Lugonu was pleased with you.
You visited 1 branch of the dungeon, and saw 6 of its levels.
You visited the Abyss 1 time.

You collected 213 gold pieces.

Inventory:

Missiles
 e - 39 sling bullets
 h - 115 stones
 l - 29 poisoned darts (quivered)
Jewellery
 m - a +6 ring of strength (left tentacle)
Scrolls
 b - a scroll of summoning
 f - a scroll of fear
 i - a scroll of identify
 j - 2 scrolls of noise {unknown}
 k - 3 scrolls of amnesia {unknown}
 n - a scroll of enchant armour
 p - 5 scrolls of teleportation {unknown}
 q - a scroll of blinking {unknown}
Potions
 c - 3 potions of degeneration
 d - 2 potions of curing
 g - a potion of resistance
 o - 3 potions of brilliance
 r - a potion of flight {unknown}


   Skills:
 - Level 5.0 Fighting
 - Level 2.3 Dodging
 + Level 6.6 Unarmed Combat
 - Level 2.0 Spellcasting
 - Level 3.0 Invocations
 - Level 4.0 Evocations


You had 11 spell levels left.
You didn't know any spells.
Your spell library contained the following spells:

 Spells                   Type           Power      Damage    Failure   Level
 Apportation              Tloc           2%         N/A       21%         1
 Alistair's Intoxication  Tmut/Pois      0%         N/A       99%         5
 Invisibility             Hex            0%         N/A       100%        6


Dungeon Overview and Level Annotations

Branches:
Dungeon (6/15)
 Temple: D:4-7

Altars:
Gozag
The Shining One

Annotations:
D:4 exclusion: downstairs, Menkaure, Purgy
D:5 Blork the orc
D:6 exclusions: ice beast, ogre and upstairs


Innate Abilities, Weirdness & Mutations

You cannot wear most types of armour.
You are amphibious.
You can wear up to eight rings at the same time.
Your skin changes colour to match your surroundings (Stealth+).
Your rubbery body absorbs attacks. (AC +1, EV +1)
((You are camouflaged near water. (Stealth+)))
You have tentacles for arms and can constrict up to eight enemies at once.


Message History

You climb upwards.
Level annotation: Blork the orc
There is a stone staircase leading down here.
You start waiting.
An ogre comes into view. It is wielding a +0 giant club.
Throw: 32 darts (poison)
Press: ? - help, Q - select action, (/) - cycle Shift-Dir - straight line, f - ogre
Aim: an ogre, wielding a +0 giant club (74% to hit)
You throw a poisoned dart. The poisoned dart hits the ogre.
Throw: 31 darts (poison)
Press: ? - help, Q - select action, (/) - cycle Shift-Dir - straight line, f/p - ogre
Aim: an ogre, wielding a +0 giant club (74% to hit)
You throw a poisoned dart.
The poisoned dart closely misses the ogre.
Throw: 30 darts (poison)
Press: ? - help, Q - select action, (/) - cycle Shift-Dir - straight line, f/p - ogre
Aim: an ogre, wielding a +0 giant club (74% to hit)
You throw a poisoned dart. The poisoned dart hits the ogre.
The ogre is poisoned.
Aiming: Charm
Press: ? - help, Shift-Dir - straight line, f/p - ogre
Aim: an ogre, wielding a +0 giant club (poisoned, chance to affect: 58%)
Okay, then.
You climb downwards.
Level annotation: exclusions: ice beast, ogre and upstairs
There is a stone staircase leading up here.
Something hits you.
Deactivating autopickup; reactivate with Ctrl-A.
Something hits you! Something hits you but does no damage.
You bludgeon something! Something barely misses you. Something hits you!
Something hits you.
Aiming: Charm
Press: ? - help, Shift-Dir - straight line Nothing appears to happen.
The now-empty wand crumbles to dust.
Something hits you!
* * * LOW HITPOINT WARNING * * *
Something hits you.
* * * LOW HITPOINT WARNING * * *
Something hits you!
You die...

###..# #.##. ....#
######.##.
#..####......##.
#{.#.##......##.
.#####...............
...........#.....####
######...........#
#.#######.######.###
#.....@{..<........
#########........###
##########


There were no monsters in sight!

Levels and vault maps discovered:
D:1:      dpeg_arrival_line_fractal, layout_loops_ring,
          shapermc_ecumenical_altar_mp_highgroup, lemuel_old_faithful
D:2:      layout_basic, uniq_robin
D:3:      layout_loops_cross, serial_bayou_ford_a, minmay_starry_boxes
D:4:      layout_loops_cross, mainiacjoe_overflow_catwalk,
          mainiacjoe_overflow_brackets, minmay_temple_entry_fiery,
          uniq_menkaure, uniq_purgy, uniq_ijyb
D:5:      layout_loops_ring, nicolae_uskayaw_suspiria,
          grunt_temple_overflow_cloverleaf, uniq_blork_the_orc
D:6:      layout_loops_ring, serial_shops, shop

Notes
Turn   | Place    | Note
-------+----------+-------------------------------------------
     0 | Abyss:1  | ABBCCCDDDD the Octopode Abyssal Knight began the quest for
                  | the Orb.
     0 | Abyss:1  | Reached XP level 1. HP: 16/16 MP: 2/2
    46 | Abyss:1  | Noticed a crimson imp
    48 | Abyss:1  | Noticed a thrashing horror
    49 | D:1      | Escaped the Abyss
   105 | D:1      | Reached * piety under Lugonu
   248 | D:1      | Reached XP level 2. HP: 21/21 MP: 3/3
   604 | D:1      | Found a faded altar of an unknown god.
   778 | D:2      | Noticed Robin
   790 | D:2      | Reached skill level 3 in Unarmed Combat
   940 | D:2      | Reached XP level 3. HP: 24/26 MP: 4/4
  1616 | D:2      | Reached skill level 4 in Unarmed Combat
  1667 | D:2      | Reached XP level 4. HP: 22/31 MP: 5/5
  1981 | D:3      | Reached ** piety under Lugonu
  3116 | D:2      | Killed Robin
  3117 | D:2      | Reached XP level 5. HP: 36/36 MP: 6/6
  3241 | D:4      | Noticed a phantom
  3315 | D:4      | Noticed Purgy
  3373 | D:4      | Reached skill level 5 in Unarmed Combat
  3476 | D:4      | Noticed Ijyb
  3498 | D:4      | Killed Ijyb
  3734 | D:4      | Reached XP level 6. HP: 33/42 MP: 8/8
  4165 | D:4      | Found an opulent altar of Gozag.
  4353 | D:4      | Noticed Menkaure
  4377 | D:5      | Entered Level 5 of the Dungeon
  4401 | D:4      | Found a glowing golden altar of the Shining One.
  4490 | D:4      | Reached skill level 1 in Evocations
  4647 | D:4      | Reached skill level 6 in Unarmed Combat
  4647 | D:4      | Reached skill level 1 in Spellcasting
  5020 | D:5      | Reached XP level 7. HP: 43/46 MP: 9/9
  5887 | D:5      | Reached skill level 5 in Fighting
  6178 | D:5      | Reached XP level 8. HP: 36/55 MP: 11/11
  6450 | D:5      | Noticed Blork the orc
  6828 | D:6      | Slain by an unseen horror

Table legend: (Time is in decaauts)
 A = Elapsed time spent in this place.
 B = Non-inter-level travel time spent in this place.
 C = Inter-level travel time spent in this place.
 D = Time resting spent in this place.
 E = Time spent auto-exploring this place.
 F = Levels seen in this place.
 G = Mean time per level.
                   A        B        C        D        E       F      G
               +--------+--------+--------+--------+--------+-----+--------+
         Total |   6820 |   6243 |    577 |   1957 |   2714 |   7 |  974.3 |
       Dungeon |   6771 |   6194 |    577 |   1957 |   2674 |   6 | 1128.5 |
         Abyss |     49 |     49 |      0 |      0 |     40 |   1 |   49.0 |
               +--------+--------+--------+--------+--------+-----+--------+

Top non-repeatable levels by time:
     D:4: 1813 daAuts
     D:3: 1286 daAuts
     D:2: 1228 daAuts
     D:5: 1131 daAuts
     D:1: 989 daAuts
     D:6: 322 daAuts
 Abyss:1: 49 daAuts

Table legend:
 A = Kills in this place as a percentage of kills in entire the game.
 B = Kills by you in this place as a percentage of kills by you in the entire game.
 C = Kills by friends in this place as a percentage of kills by friends in the entire game.
 D = Other kills in this place as a percentage of other kills in the entire game.
 E = Experience gained in this place as a percentage of experience gained in the entire game.
 F = Experience gained in this place divided by the number of levels of this place that you have seen.
                   A       B       C       D       E      F
               +-------+-------+-------+-------+-------+----------------------
         Total | 100.0 | 100.0 | 100.0 |   N/A | 100.0 | 197.1
       Dungeon | 100.0 | 100.0 | 100.0 |   N/A | 100.0 | 230.0
               +-------+-------+-------+-------+-------+----------------------

Action                   |  1- 3 |  4- 6 |  7- 9 || total
-------------------------+-------+-------+-------++-------
Melee: Unarmed           |    79 |   131 |    42 ||   252
       Constrict         |    23 |    37 |     8 ||    68
       Tentacles         |    18 |    30 |    16 ||    64
       Punch             |     1 |     7 |     5 ||    13
Throw: Dart              |       |    18 |    17 ||    35
       Stone             |       |     3 |     2 ||     5
Invok: Depart the Abyss  |     1 |       |       ||     1
       Bend Space        |       |     2 |       ||     2
Evoke: Wand              |       |     1 |     6 ||     7
  Use: Potion            |       |     5 |       ||     5
       Scroll            |       |       |     4 ||     4
 Stab: Sleeping          |     5 |     7 |     1 ||    13
Armor: Skin              |     4 |    11 |     5 ||    20
Dodge: Dodged            |    45 |    63 |    37 ||   145

Vanquished Creatures
  2 killer bees (D:5)
  A centaur (D:5)
  2 scorpions (D:5)
  A bullfrog skeleton (D:6)
  2 hounds (D:4)
  An orc priest (D:4)
  2 centaur skeletons (D:5)
  Ijyb (D:4)
  3 iguanas
  3 orc wizards (D:4)
  A hound skeleton (D:4)
  Robin (D:2)
  3 adders
  3 howler monkey skeletons
  An adder skeleton (D:4)
  3 worms
  2 dart slugs
  9 orcs
  3 ball pythons
  7 bats
  5 endoplasms
  4 giant cockroaches
  14 goblins
  8 hobgoblins
  5 jackals
  5 quokkas
  2 frilled lizards (D:2)
  5 kobolds
  4 rats
103 creatures vanquished.

Vanquished Creatures (collateral kills)
  2 killer bees (D:5)
  An adder (D:4)
  An orc (D:4)
  A quokka (D:4)
5 creatures vanquished.

Vanquished Creatures (others)
  2 killer bees (D:5)
  3 plants (D:3)
5 creatures vanquished.

Grand Total: 113 creatures vanquished
